 Dungeon Crawl Stone Soup version 0.21-a0-404-g291f19a (webtiles) character file.

1282 rjrrt the Archer (level 8, 0/74 HPs)
             Began as a Centaur Hunter on Nov 1, 2017.
             Slain by an orc (2 damage)
             ... on level 7 of the Dungeon.
             The game lasted 00:14:40 (8265 turns).

rjrrt the Archer (Centaur Hunter)                   Turns: 8265, Time: 00:14:41

Health: 0/74       AC:  5    Str: 17    XL:     8   Next: 29%
Magic:  8/8        EV:  9    Int: 10    God:
Gold:   261        SH:  3    Dex: 10    Spells: 5/7 levels left

rFire    . . .     SeeInvis .   b - +0 halberd
rCold    . . .     Gourm    .   (shield currently unavailable)
rNeg     . . .     Faith    .   q - +0 leather armour (curse)
rPois    .         Spirit   .   (no helmet)
rElec    .         Reflect  +   m - +0 cloak
rCorr    .         Harm     .   (no gloves)
MR       .....                  (no barding)
Stlth    +.........             p - +3 amulet of reflection
HPRegen  0.22/turn              (no ring)
MPRegen  0.11/turn              (no ring)

@: lethally poisoned (0 -> -1), very quick
A: hooves 3, deformed body, speed 2, tough skin 3
a: no special abilities


You were on level 7 of the Dungeon.
You were not hungry.

You visited 1 branch of the dungeon, and saw 7 of its levels.

You collected 261 gold pieces.

Inventory:

Hand Weapons
 a - a +2 shortbow
 b - a +0 halberd (weapon)
 o - the cursed +14 obsidian axe {chop, +Fly SInv *Curse}
   (You found it on level 5 of the Dungeon)

   It inflicts extra damage upon your enemies.
   It lets you see invisible.
   It lets you fly.
   It curses itself when equipped.
   It has a curse placed upon it.
Missiles
 d - 72 arrows
Armour
 l - a +0 ring mail
 m - a +0 cloak (worn)
 q - a cursed +0 leather armour (worn)
Jewellery
 p - a +3 amulet of reflection (around neck)
Wands
 w - a wand of paralysis (8/24)
Scrolls
 g - 4 scrolls of teleportation
 n - a scroll of recharging
 s - a scroll of remove curse
Potions
 c - a potion of invisibility
 e - 5 potions of curing
 h - 3 potions of cancellation
 j - 3 potions of agility
 r - a potion of flight
 t - a potion of mutation {unknown}
 v - a potion of brilliance {unknown}
Comestibles
 f - 7 bread rations
 k - a chunk of flesh
 u - 2 royal jellies


   Skills:
 * Level 7.8 Fighting
 + Level 2.2 Polearms
 * Level 9.5 Bows
 - Level 1.3 Dodging
 - Level 0.4 Stealth


You had 5 spell levels left.
You knew the following spells:

 Your Spells              Type           Power        Failure   Level  Hunger
k - Blink                 Tloc           N/A          56%         2    ###....


Dungeon Overview and Level Annotations

Branches:
Dungeon (7/15)
 Temple: D:4-7

Altars:
Ashenzari
Cheibriados
Dithmenos
Elyvilon
Fedhas
Kikubaaqudgha
Makhleb
Qazlal
Trog
Uskayaw
Vehumet
Xom

Shops:
D:6 [

Annotations:
D:4 1 exclusion
D:6 Prince Ribbit


Innate Abilities, Weirdness & Mutations

You have hooves in place of feet.
Armour fits poorly on your strangely shaped body.
You cover ground very quickly.
You have extremely tough skin. (AC +3)


Message History

* * * LOW HITPOINT WARNING * * *
The orc closely misses you. The orc barely misses you.
Unknown command.
You hit the orc but do no damage.
The orc is severely wounded.
You feel sick. The orc closely misses you.
The orc hits you with a falchion of protection.
* * * LOW HITPOINT WARNING * * *
Unknown command.
You barely miss the orc.
The orc is severely wounded.
The orc hits you but does no damage. x2; The orc barely misses you.
Unknown command.
You hit the orc but do no damage. Your kick misses the orc.
The orc is severely wounded.
You feel sick.
The orc hits you with a falchion of protection.
* * * LOW HITPOINT WARNING * * *
The orc hits you.
You die...

... .. ##.#
.## ... .. #
###.##.#.
#..>....
#.....##
#....o.#
#...@o.#
######<#
####<##
#...o#
#.##(......o
# #$....o.o
+...o....
#...o....
#........


You could see 2 orcs.

Vanquished Creatures
  An orc warrior (D:6)
  3 ogres
  A centaur (D:6)
  A bullfrog (D:6)
  2 howler monkeys
  A crimson imp (D:5)
  A centaur zombie (D:7)
  A jelly (D:5)
  A hound (D:4)
  3 orc priests
  4 orc wizards
  Crazy Yiuf (D:2)
  3 iguanas
  2 worker ants
  A hound zombie (D:5)
  A hound skeleton (D:4)
  8 adders
  A howler monkey skeleton (D:4)
  An adder skeleton (D:3)
  A dart slug (D:1)
  2 worms (D:2)
  2 leopard geckos
  12 orcs
  7 bats
  6 giant cockroaches
  9 goblins
  12 hobgoblins
  10 jackals
  9 kobolds
  A quokka (D:3)
  2 ball pythons
  9 frilled lizards
  A giant cockroach zombie (D:5)
  A quokka skeleton (D:5)
  10 rats
131 creatures vanquished.

Notes
Turn   | Place    | Note
-------+----------+-------------------------------------------
     0 | D:1      | rjrrt the Centaur Hunter began the quest for the Orb.
     0 | D:1      | Reached XP level 1. HP: 17/17 MP: 1/1
   134 | D:1      | Reached XP level 2. HP: 22/25 MP: 2/2
   395 | D:1      | Found a shimmering altar of Xom.
   477 | D:1      | Reached XP level 3. HP: 9/31 MP: 3/3
  1272 | D:2      | Found a runed door.
  1303 | D:2      | Noticed Crazy Yiuf
  1336 | D:2      | Killed Crazy Yiuf
  1336 | D:2      | Reached skill level 6 in Bows
  1336 | D:2      | Reached XP level 4. HP: 6/40 MP: 4/4
  1916 | D:2      | Found a hide-covered altar of Uskayaw.
  2042 | D:2      | Found a shimmering altar of Xom.
  2047 | D:2      | Found a blossoming altar of Fedhas.
  2053 | D:2      | Found a shadowy altar of Dithmenos.
  2053 | D:2      | Found a radiant altar of Vehumet.
  2053 | D:2      | Found a snail-covered altar of Cheibriados.
  2053 | D:2      | Found a white marble altar of Elyvilon.
  2054 | D:2      | Found a stormy altar of Qazlal.
  2057 | D:2      | Found a burning altar of Makhleb.
  2058 | D:2      | Found an ancient bone altar of Kikubaaqudgha.
  2863 | D:3      | Reached XP level 5. HP: 45/47 MP: 5/5
  3780 | D:4      | Reached skill level 5 in Fighting
  3976 | D:4      | Noticed an ogre
  3983 | D:4      | Killed an ogre
  3983 | D:4      | Reached skill level 7 in Bows
  3983 | D:4      | Reached XP level 6. HP: 56/56 MP: 6/6
  5078 | D:5      | Entered Level 5 of the Dungeon
  5078 | D:5      | Found the cursed +14 obsidian axe {chop, +Fly SInv *Curse}
  5194 | D:5      | Found a bloodstained altar of Trog.
  5223 | D:5      | Learned a level 2 spell: Blink
  5431 | D:5      | Reached XP level 7. HP: 64/64 MP: 7/7
  6272 | D:6      | Reached skill level 8 in Bows
  6460 | D:6      | Reached skill level 1 in Polearms
  6510 | D:6      | Found Tihuveza's Antique Armour Emporium.
  6658 | D:6      | Found a shattered altar of Ashenzari.
  7236 | D:7      | Noticed Prince Ribbit
  7836 | D:6      | Reached skill level 9 in Bows
  7836 | D:6      | Reached XP level 8. HP: 19/73 MP: 8/8
  8265 | D:7      | HP: 2/74 [orc/falchion of protection (6)]
  8265 | D:7      | Slain by an orc

Vault maps used:
D:1:      saegor_arrival_under_anarchy, minmay_misc_feat_nine_boxes,
          st_stairs_6, xom_teletrap_fun
D:2:      minitemple, nicolae_overflow_crystal_walls, uniq_crazy_yiuf_cottage
D:3:      kennysheep_generic_room_7
D:4:      tgw_sif, minmay_misc_feat_more_columns
D:5:      old_standard_altar, first_bread
D:6:      serial_shops, shop, cheibrodos_ashenzari_chains
D:7:      minmay_temple_entry_large_hall, uniq_prince_ribbit1

Skill      XL: |  1  2  3  4  5  6  7  8 |
---------------+-------------------------+-----
Fighting       | 3 4 5 6 7 |  7.8
Bows           | 6 7 9 |  9.5
Polearms       | 1 2 |  2.2
Dodging        | |  1.3
Stealth        | |  0.4

Action                   |  1- 3 |  4- 6 |  7- 9 || total
-------------------------+-------+-------+-------++-------
Melee: Short sword       |   104 |   259 |     6 ||   369
       Kick              |    14 |    46 |    25 ||    85
       Halberd           |       |       |   116 ||   116
 Fire: Shortbow          |    20 |    16 |    39 ||    75
  Use: Scroll            |       |    10 |     2 ||    12
       Potion            |       |       |     1 ||     1
  Eat: Chunk             |     1 |     9 |     6 ||    16
       Fruit             |       |       |     4 ||     4
Armor: Leather armour    |    37 |    64 |    38 ||   139
Dodge: Dodged            |    44 |    74 |    78 ||   196
Block: Other             |       |     6 |    17 ||    23

Table legend:
 A = Spawn XP
 B = Non-spawn XP
 C = Spawn XP percentage of total XP
 D = Spawn monster count
 E = Non-spawn monster count
 F = Spawn count percentage of total count
 G = Total turns spent on level
                    A         B        C        D         E        F      G
               +---------+---------+-------+---------+---------+-------+---------
         Total |       0 |    1832 |   0.0 |       0 |     131 |   0.0 |  8265
               +---------+---------+-------+---------+---------+-------+---------
           D:1 |       0 |      51 |   0.0 |       0 |      29 |   0.0 |   943
           D:2 |       0 |     139 |   0.0 |       0 |      32 |   0.0 |  1906
           D:3 |       0 |      64 |   0.0 |       0 |      19 |   0.0 |   980
           D:4 |       0 |     371 |   0.0 |       0 |      12 |   0.0 |  1371
           D:5 |       0 |     234 |   0.0 |       0 |      13 |   0.0 |  1019
           D:6 |       0 |     730 |   0.0 |       0 |      18 |   0.0 |  1959
           D:7 |       0 |     243 |   0.0 |       0 |       8 |   0.0 |    87
               +---------+---------+-------+---------+---------+-------+---------
